 Dungeon Crawl Stone Soup version 0.28.0-45-g0d030f2227 (webtiles) character file.

Game seed: 14386922108315034040

45 NinjaNoafa the Magician (level 3, -1/25 HPs)
             Began as a Gnoll Hedge Wizard on Apr 13, 2022.
             Slain by an orc wizard
             ... wielding a +0 dagger
              (3 damage)
             ... on level 3 of the Dungeon.
             The game lasted 00:05:03 (2371 turns).

NinjaNoafa the Magician (Gnoll Hedge Wizard)        Turns: 2371, Time: 00:05:03

Health: -1/25      AC:  4    Str:  8 (9)  XL:     3   Next: 64%
Magic:  7/11       EV: 13    Int: 14 (15) God:
Gold:   84         SH:  0    Dex: 10 (11) Spells: 14/16 levels left

rFire   + . .      SeeInvis .   d - +0 long sword
rCold   . . .      Faith    .   (no shield)
rNeg    . . .      Spirit   .   b - +0 robe
rPois   +          Reflect  .   c - +0 hat
rElec   .          Harm     .   q - +0 cloak of Gluttony {Fly rF+ Slay+6}
rCorr   .          Rampage  .   (no gloves)
Will    .....                   l - +0 pair of boots
Stlth   +.........              (no amulet)
HPRegen 0.08/turn               (no ring)
MPRegen 0.12/turn               (no ring)

@: confused, flying
A: fangs 1, strong nose, distributed training, poison resistance
a: no special abilities


You were on level 3 of the Dungeon.
You visited 1 branch of the dungeon, and saw 3 of its levels.

You collected 84 gold pieces.

Inventory:

Hand Weapons
 a - a +0 dagger
 d - a +0 long sword (weapon)
 p - a +0 hunting sling
Missiles
 g - 63 sling bullets
 h - 64 stones
 j - 23 arrows
 o - 2 poisoned darts
Armour
 b - a +0 robe (worn)
 c - a +0 hat (worn)
 l - a +0 pair of boots (worn)
 q - the +0 cloak of Gluttony (worn) {Fly rF+ Slay+6}
   (You found it on level 3 of the Dungeon)

   Slay:      It affects your accuracy & damage with ranged weapons and melee
   (+6).
   rF:        It protects you from fire.
   Fly:       It grants you flight.
Scrolls
 e - a scroll of teleportation
 f - a scroll of fear {unknown}
 i - a scroll of identify {unknown}
 k - a scroll of amnesia {unknown}
 r - a scroll of fog {unknown}
 s - a scroll of enchant weapon {unknown}


   Skills:
 + Level 0.9 Fighting
 + Level 0.9 Short Blades
 + Level 0.9 Long Blades
 + Level 0.9 Axes
 + Level 0.9 Maces & Flails
 + Level 0.9 Polearms
 + Level 0.9 Staves
 + Level 0.9 Slings
 + Level 0.9 Bows
 + Level 0.9 Crossbows
 + Level 0.9 Throwing
 + Level 0.9 Armour
 + Level 4.5 Dodging
 + Level 4.2 Stealth
 + Level 0.9 Shields
 + Level 0.9 Unarmed Combat
 + Level 7.1 Spellcasting
 + Level 2.1 Conjurations
 + Level 0.6 Hexes
 + Level 2.1 Summonings
 + Level 0.6 Necromancy
 + Level 2.1 Translocations
 + Level 0.6 Transmutations
 + Level 0.6 Fire Magic
 + Level 0.6 Ice Magic
 + Level 0.6 Air Magic
 + Level 0.6 Earth Magic
 + Level 0.6 Poison Magic
 + Level 1.0 Invocations
 + Level 0.9 Evocations


You had 14 spell levels left.
You knew the following spells:

 Your Spells              Type           Power      Damage    Failure   Level
a - Magic Dart            Conj           44%        1d5       6%          1
b - Apportation           Tloc           22%        N/A       6%          1

Your spell library contained the following spells:

 Spells                   Type           Power      Damage    Failure   Level
 Blink                    Tloc           22%        N/A       9%          2
 Call Imp                 Summ           11%        N/A       9%          2
 Slow                     Hex            24%        N/A       11%         1
 Conjure Flame            Conj/Fire      8%         6-21      24%         3
 Mephitic Cloud           Conj/Pois/Air  8%         N/A       26%         3
 Alistair's Intoxication  Tmut/Pois      4%         N/A       96%         5


Dungeon Overview and Level Annotations

Branches:
Dungeon (3/15)

Altars:


Innate Abilities, Weirdness & Mutations

You have very sharp teeth.
Your uncanny sense of smell can sniff out nearby items.
Your experience applies equally to all skills.
Your system is resistant to poisons. (rPois)


Message History

The orc wizard points at you and mumbles some strange words.
The magic dart hits you.
You aren't carrying any items that you can evoke.
Sorry, you're not good enough to have a special ability.
The magic dart hits the orc wizard but does no damage.
The orc wizard is heavily wounded.
The orc wizard points at you and mumbles some strange words.
The magic dart hits you!
* * * LOW HITPOINT WARNING * * *
The orc wizard hits you with a +0 dagger.
* * * LOW HITPOINT WARNING * * *
It was a potion of degeneration.
There was something very wrong with that liquid.
You feel weakened.
You feel dopey.
You feel clumsy.
The orc wizard gestures at you while chanting.
The magic dart hits you but does no damage.
It was a potion of mutation.
You feel extremely strange.
You feel resistant to poisons.
Okay, then.
You slash the orc!
You kill the orc!
The orc wizard closely misses you.
You closely miss the orc wizard.
The orc wizard is heavily wounded.
The orc wizard closely misses you.
You closely miss the orc wizard. Your bite misses the orc wizard.
The orc wizard is heavily wounded.
The orc wizard gestures at you while chanting.
You are confused.
An orc comes into view. It is wielding a +0 trident.
Found 6 gold pieces.
The orc wizard closely misses you.
You miss the orc wizard.
You bite the orc wizard, but do no damage.
The orc wizard is heavily wounded.
The orc wizard hits you with a +0 dagger.
* * * LOW HITPOINT WARNING * * *
The orc wizard misses you.
The orc shouts!
The orc wizard hits you with a +0 dagger.
You die...

#.# #.# #.# #.#
#.# #.# ##### #†#
#...########
##.###..........#
#..........@....#
########....o...#
######.### ...
....# ....#
..o... ...$##


You could see an orc wizard and an orc.

Vanquished Creatures
  An adder (D:2)
  A worm (D:2)
  An orc (D:3)
  2 endoplasms (D:2)
  A giant cockroach (D:2)
  4 goblins
  3 hobgoblins
  4 jackals (D:3)
  4 kobolds
  4 bats
  A frilled lizard (D:1)
  5 rats
31 creatures vanquished.

Notes
Turn   | Place    | Note
-------+----------+-------------------------------------------
     0 | D:1      | NinjaNoafa the Gnoll Hedge Wizard began the quest for the
                  | Orb.
     0 | D:1      | Reached XP level 1. HP: 13/13 MP: 8/8
    59 | D:1      | Found a faded altar of an unknown god.
   347 | D:1      | Reached XP level 2. HP: 19/19 MP: 7/10
   774 | D:2      | Learned a level 1 spell: Apportation
  1248 | D:2      | HP: 1/20 [adder (1)]
  1257 | D:2      | Reached XP level 3. HP: 21/25 MP: 6/11
  2108 | D:3      | Identified the +0 cloak of Gluttony {Fly rF+ Slay+6}
  2162 | D:3      | Reached skill level 1 in Invocations
  2365 | D:3      | Gained mutation: Your system is resistant to poisons.
                  | (rPois) [potion of mutation]
  2371 | D:3      | Slain by an orc wizard

Illustrated notes

Levels and vault maps discovered:
D:1:      wander_arrival_desolate, layout_basic,
          hellmonk_ecumenical_altar_run_dry
D:2:      layout_basic, hex_medium, chequers_serial_rivers_small_a
D:3:      layout_basic

Skill      XL: |  1  2  3 |
---------------+----------+-----
Conjurations   | 2 |  2.1
Summonings     | 2 |  2.1
Translocations | 2 |  2.1
Invocations    | 1 |  1.0
Fighting       | |  0.9
Short Blades   | |  0.9
Long Blades    | |  0.9
Axes           | |  0.9
Maces & Flails | |  0.9
Polearms       | |  0.9
Staves         | |  0.9
Slings         | |  0.9
Bows           | |  0.9
Crossbows      | |  0.9
Throwing       | |  0.9
Armour         | |  0.9
Dodging        | |  4.5
Stealth        | |  4.2
Shields        | |  0.9
Unarmed Combat | |  0.9
Spellcasting   | |  7.1
Hexes          | |  0.6
Necromancy     | |  0.6
Transmutations | |  0.6
Fire Magic     | |  0.6
Ice Magic      | |  0.6
Air Magic      | |  0.6
Earth Magic    | |  0.6
Poison Magic   | |  0.6
Evocations     | |  0.9

Action                   || total
-------------------------++-------
Melee: Dagger            ||    30
       Bite              ||     4
       Punch             ||     1
       Long sword        ||    12
 Cast: Magic Dart        ||    93
       Apportation       ||     1
  Use: Potion            ||     4
       Scroll            ||     1
Armor: Robe              ||     7
Dodge: Dodged            ||    52
